 Dungeon Crawl Stone Soup version 0.30-a0-364-gf6b3ef1049 (webtiles) character file.

Game seed: 8662963941452444604

1400 Manisia the Caller (level 8, -14/46 HPs)
             Began as a Tengu Summoner on Nov 15, 2022.
             Was a Follower of Sif Muna.
             Killed from afar by an electric eel (16 damage)
             ... with a bolt of electricity
             ... on level 6 of the Dungeon.
             The game lasted 00:15:44 (6446 turns).

Manisia the Caller (Tengu Summoner)                 Turns: 6446, Time: 00:15:45

Health: -14/46     AC:  3    Str: 10    XL:     8   Next: 69%
Magic:  8/16       EV: 32    Int: 17    God:    Sif Muna [*.....]
Gold:   275        SH:  0    Dex: 20    Spells: 4/17 levels left

rFire   . . .      SeeInvis .    e - +1 scythe (vamp)
rCold   . . .      Faith    .    (shield currently unavailable)
rNeg    . . .      Spirit   .    a - +1 robe
rPois   .          Reflect  .    (helmet restricted)
rElec   .          Harm     .    (no cloak)
rCorr   .          Rampage  .    (no gloves)
Will    .....                    (boots unavailable)
Stlth   ++........               j - amulet of the acrobat
HPRegen 0.27/turn                n - +6 ring of dexterity
MPRegen 0.15/turn                (no ring)

@: acrobatic, flying quickly and evasively, quick
A: beak, talons 3, nimble flight
a: Renounce Religion, Channel Magic


You were on level 6 of the Dungeon.
You worshipped Sif Muna.
Sif Muna was aware of your devotion.
You visited 2 branches of the dungeon, and saw 7 of its levels.
You also visited: Sewer.

You collected 275 gold pieces.

Inventory:

Hand Weapons
 e - a +1 vampiric scythe (weapon)
 q - a +0 spear
Missiles
 g - 5 boomerangs
 l - 41 poisoned darts
Armour
 a - a +1 robe (worn)
Jewellery
 f - a ring of protection from cold
 j - an amulet of the acrobat (around neck)
 n - a +6 ring of dexterity (left hand)
Scrolls
 c - 2 scrolls of teleportation
 i - 2 scrolls of silence
 s - a scroll of brand weapon
Potions
 b - a potion of might
 d - 2 potions of degeneration
 h - 5 potions of curing
 k - 4 potions of flight
 m - 3 potions of heal wounds
 o - a potion of resistance {unknown}
 p - a potion of cancellation {unknown}
 r - a potion of attraction {unknown}


   Skills:
 - Level 3.0 Fighting
 + Level 5.1 Polearms
 - Level 4.0 Dodging
 - Level 2.0 Stealth
 - Level 0.6 Unarmed Combat
 - Level 5.0 Spellcasting
 + Level 2.4 Hexes
 - Level 7.0 Summonings
 - Level 3.0 Air Magic


You had 4 spell levels left.
You knew the following spells:

 Your Spells              Type           Power      Damage    Failure   Level
a - Summon Small Mammal   Summ           100%       N/A       1%          1
b - Call Imp              Summ           28%        N/A       1%          2
c - Call Canine Familiar  Summ           28%        N/A       2%          3
d - Summon Guardian Gole  Hex/Summ       20%        N/A       6%          3
e - Summon Lightning Spi  Summ/Air       21%        N/A       19%         4

Your spell library contained the following spells:

 Spells                   Type           Power      Damage    Failure   Level
 Gell's Gravitas          Tloc           4%         N/A       38%         3
 Lesser Beckoning         Tloc           8%         N/A       38%         3
 Teleport Other           Tloc           4%         N/A       38%         3


Dungeon Overview and Level Annotations

Branches:
Dungeon (6/15)             Temple (1/1) D:4           Sewer (visited)

Altars:
Ashenzari
Elyvilon
Gozag
Hepliaklqana
Kikubaaqudgha
Nemelex Xobeh
Okawaru
Ru
Sif Muna
Uskayaw
Vehumet
Wu Jian
Xom
Yredelemnul
Zin
The Shining One

Annotations:
D:4 exclusion: downstairs, Eustachio


Innate Abilities, Weirdness & Mutations

You have a beak for a mouth.
You have claws for feet.
Your magical nature lets you fly swiftly and evasively.


Message History

Casting: Call Canine Familiar (dangerous; 2% risk of failure)
Confirm with . or Enter, or press ? or * to list all spells.
A beastly little devil appears in a puff of flame.
The white imp gestures at you. The puff of frost hits you.
* * * LOW HITPOINT WARNING * * *
Unknown command.
You feel much better.
An electric eel comes into view.
The electric eel shoots out a bolt of lightning at you!
The bolt of electricity hits your lightning spire.
Your lightning spire completely resists.
The bolt of electricity hits you!
The electric eel shoots out a bolt of lightning at you!
The bolt of electricity hits you. The white imp gestures at you.
The puff of frost misses you.
The electric eel shoots out a bolt of lightning at you!
The bolt of electricity misses you.
The bolt of electricity hits your crimson imp!
The electric eel shoots out a bolt of lightning at you!
The bolt of electricity hits your lightning spire.
Your lightning spire completely resists.
The bolt of electricity hits you.
* * * LOW HITPOINT WARNING * * *
Your crimson imp blinks!
The electric eel shoots out a bolt of lightning at you!
The bolt of electricity hits the white imp.
The bolt of electricity hits you!
* * * LOW HITPOINT WARNING * * *
The white imp gestures at your crimson imp.
The puff of frost hits your crimson imp!
Your crimson imp is frozen!
Your crimson imp dies!
Your crimson imp disappears in a puff of smoke!
The electric eel shoots out a bolt of lightning at you!
The bolt of electricity hits the white imp!
The white imp dies!
The bolt of electricity hits you!
You die...

~≈♣♣♣≈.≈♣♣♣≈...####
≈≈≈≈~≈≈≈≈≈~≈≈≈≈≈..#
..~.~.~.~....~....#
≈≈≈~≈≈≈≈≈.≈≈≈S≈~.#
♣≈.≈♣♣♣≈~≈♣♣♣≈~.#
♣≈~≈ ♣≈.≈♣ ≈..#
≈♣♣♣≈.≈♣♣♣≈8≈♣♣♣≈.##
≈≈≈≈≈~≈≈§≈≈.≈≈≈≈≈~#
~..~~.~@..~~~...~~#
≈≈≈≈≈.≈≈≈≈≈~≈≈≈≈≈.#
≈♣♣♣≈~≈♣♣♣≈~≈♣♣♣≈~#
♣≈h≈ ♣≈.S♣ ≈~# ♣≈.≈
♣≈.≈♣ ~# ≈≈≈~≈
≈≈~≈≈≈ # ..~~~.
~~..... .....#
########


You could see an electric eel, a friendly lightning spire (summoned) and a
friendly hound (summoned).

Vanquished Creatures
  Prince Ribbit (D:6)
  An ice beast (D:6)
  A phantom (D:5)
  A kobold brigand (Sewer)
  Crazy Yiuf (D:2)
  An iguana (D:4)
  2 adders (D:5)
  A dart slug (D:5)
  2 orcs (D:5)
  A bat (D:3)
  An endoplasm (D:2)
  A giant cockroach (D:5)
  A hobgoblin (D:4)
  A jackal (D:2)
  3 quokkas (D:5)
  5 rats
24 creatures vanquished.

Vanquished Creatures (collateral kills)
  Sigmund (D:5)
  A black bear (D:3)
  An ice beast (D:3)
  An ogre (D:4)
  A kobold brigand (Sewer)
  A scorpion (D:5)
  A necrophage (D:5)
  An iguana (D:4)
  3 orc wizards
  Robin (D:2)
  An adder (D:2)
  3 gnolls (D:4)
  A shadow imp (D:5)
  A worm (D:2)
  2 dart slugs
  6 orcs
  6 endoplasms
  4 giant cockroaches
  8 goblins
  6 hobgoblins
  6 jackals
  6 kobolds
  2 quokkas
  5 ball pythons
  2 bats
  6 frilled lizards
  8 rats
85 creatures vanquished.

Vanquished Creatures (others)
  A white imp (D:6)
1 creature vanquished.

Grand Total: 110 creatures vanquished

Notes
Turn   | Place    | Note
-------+----------+-------------------------------------------
     0 | D:1      | Manisia the Tengu Summoner began the quest for the Orb.
     0 | D:1      | Reached XP level 1. HP: 10/10 MP: 4/4
   169 | D:1      | Reached skill level 5 in Summonings
   219 | D:1      | Reached XP level 2. HP: 15/15 MP: 3/6
   223 | D:1      | Learned a level 2 spell: Call Imp
  1206 | D:2      | Reached XP level 3. HP: 19/19 MP: 2/7
  1219 | D:2      | Learned a level 3 spell: Call Canine Familiar
  1657 | D:2      | Found a runed translucent door.
  1658 | D:2      | Noticed Crazy Yiuf
  2134 | D:2      | Reached XP level 4. HP: 24/24 MP: 9/9
  2174 | D:2      | Noticed Robin
  2231 | D:2      | Killed Robin
  2232 | D:2      | Reached skill level 6 in Summonings
  2414 | D:2      | Killed Crazy Yiuf
  2503 | D:3      | Noticed an ice beast
  2645 | D:3      | Killed an ice beast
  2646 | D:3      | Gained mutation: Your magical nature lets you fly swiftly
                  | and evasively. [Tengu growth]
  2646 | D:3      | Reached XP level 5. HP: 18/28 MP: 4/12
  2650 | D:3      | Learned a level 3 spell: Summon Guardian Golem
  2814 | D:3      | Noticed a black bear
  2981 | D:3      | Killed a black bear
  2982 | D:3      | Reached skill level 5 in Spellcasting
  2982 | D:3      | Reached XP level 6. HP: 32/32 MP: 1/14
  2987 | D:3      | Learned a level 4 spell: Summon Lightning Spire
  3271 | D:3      | Found a hide-covered altar of Uskayaw.
  3271 | D:3      | Found a shimmering altar of Xom.
  3464 | D:4      | Noticed a nameless horror
  3497 | D:4      | Noticed Eustachio
  3787 | D:3      | Noticed a nameless horror
  3917 | D:4      | Found a staircase to the Ecumenical Temple.
  3948 | Temple   | Entered the Ecumenical Temple
  4000 | Temple   | Became a worshipper of Sif Muna the Loreminder
  4200 | D:4      | Reached skill level 7 in Summonings
  4243 | D:4      | Reached XP level 7. HP: 37/37 MP: 15/15
  4640 | D:5      | Entered Level 5 of the Dungeon
  4640 | D:5      | Noticed Sigmund
  4745 | D:5      | Found a glowing drain.
  4749 | Sewer    | Entered a sewer
  4754 | Sewer    | Reached * piety under Sif Muna
  4816 | Sewer    | Reached skill level 1 in Air Magic
  4832 | Sewer    | Reached skill level 1 in Fighting
  4832 | Sewer    | Reached skill level 1 in Polearms
  4832 | Sewer    | Reached skill level 1 in Hexes
  4888 | Sewer    | Found a glowing silver altar of Zin.
  5162 | D:5      | Reached XP level 8. HP: 44/44 MP: 13/16
  5318 | D:5      | Killed Sigmund
  6131 | D:6      | Noticed Prince Ribbit
  6139 | D:6      | Killed Prince Ribbit
  6198 | D:6      | Found an ornate altar of the Wu Jian Council.
  6356 | D:6      | Reached skill level 5 in Polearms
  6445 | D:6      | HP: 1/46 [electric eel/bolt of electricity (9)]
  6446 | D:6      | Killed from afar by an electric eel

Illustrated notes

Levels and vault maps discovered:
D:1:      grunt_arrival_crossed_arrows, layout_basic
D:2:      layout_loops_ring, minmay_split_cup_small, uniq_crazy_yiuf_cottage,
          uniq_robin
D:3:      layout_loops_ring, nicolae_overflow_hidden_temple, serial_bayou_pond_b
D:4:      layout_gridville, minmay_temple_entry_glass, uniq_eustachio
D:5:      layout_layer_cave, gup_sewer_entry_spiral, uniq_sigmund
D:6:      layout_rooms, lemuel_round_altar, mainiacjoe_overflow_surrounded_room,
          kennysheep_boxes, uniq_maggie, uniq_prince_ribbit1
Temple:   cyrus_circular_temple

Skill      XL: |  1  2  3  4  5  6  7  8 |
---------------+-------------------------+-----
Summonings     | 5 6 7 |  7.0
Spellcasting   | 4 5 |  5.0
Dodging        | 3 4 |  4.0
Air Magic      | 2 3 |  3.0
Fighting       | 1 3 |  3.0
Polearms       | 2 5 |  5.1
Hexes          | 1 2 |  2.4
Stealth        | |  2.0
Unarmed Combat | |  0.6

Action                   |  1- 3 |  4- 6 |  7- 9 || total
-------------------------+-------+-------+-------++-------
Melee: Unarmed           |     2 |    11 |       ||    13
       Kick              |     1 |     7 |    15 ||    23
       Peck              |       |     2 |    16 ||    18
       Spear             |       |       |    72 ||    72
       Halberd           |       |       |    20 ||    20
 Cast: Summon Small Mamm |    44 |    32 |     9 ||    85
       Call Imp          |     4 |     8 |     1 ||    13
       Call Canine Famil |     6 |    10 |     8 ||    24
       Summon Guardian G |       |     6 |     6 ||    12
       Summon Lightning  |       |     1 |    10 ||    11
  Use: Scroll            |     8 |     6 |     6 ||    20
       Potion            |       |     1 |     1 ||     2
 Stab: Sleeping          |       |     1 |     6 ||     7
       Distracted        |       |       |     3 ||     3
Armor: Robe              |     2 |     8 |     7 ||    17
Dodge: Dodged            |    10 |    95 |    56 ||   161

Table legend: (Time is in decaauts)
 A = Elapsed time spent in this place.
 B = Non-inter-level travel time spent in this place.
 C = Inter-level travel time spent in this place.
 D = Time resting spent in this place.
 E = Time spent auto-exploring this place.
 F = Levels seen in this place.
 G = Mean time per level.
                   A        B        C        D        E       F      G
               +--------+--------+--------+--------+--------+-----+--------+
         Total |   6219 |   6054 |    165 |    308 |   4293 |   8 |  777.4 |
       Dungeon |   5999 |   5843 |    156 |    308 |   4166 |   6 |  999.8 |
        Temple |     55 |     47 |      8 |      0 |     30 |   1 |   55.0 |
         Sewer |    163 |    163 |      0 |      0 |     97 |   1 |  163.0 |
               +--------+--------+--------+--------+--------+-----+--------+

Top non-repeatable levels by time:
     D:2: 1527 daAuts
     D:5: 1172 daAuts
     D:1: 1158 daAuts
     D:3: 1077 daAuts
     D:4: 721 daAuts
     D:6: 343 daAuts
   Sewer: 163 daAuts
  Temple: 55 daAuts
